[Event "Titled Tuesday Blitz March 29 Late 2022"]
[White "Al-Tarboush, Ward"]
[Black "Demchenko, Anton"]
[WhiteFideId "7601450"]
[BlackFideId "4160258"]
[WhiteElo "2276"]
[BlackElo "2539"]
[Result "1-0"]
[Round "02"]
[TimeControl "180+1"]
[Date "2022.03.29"]
[WhiteClock "0:00:04"]
[BlackClock "0:00:03"]

1. e4 e5 2. Nf3 Nc6 3. Bb5 a6 4. Ba4 Nge7 5. O-O Ng6 6. c3 d6 7. d4 Bd7 8. Nbd2 Be7 9. Re1 O-O 10. Nf1 b5 11. Bc2 exd4 12. cxd4 Nb4 13. Bb1 c5 14. d5 a5 15. a3 Na6 16. Ng3 Re8 17. Be3 a4 18. Bc2 Rb8 19. Rc1 Bf6 20. Rb1 Bg4 21. h3 Bxf3 22. Qxf3 Ne5 23. Qe2 Nc4 24. Bc1 Nc7 25. Nf5 Nxd5 26. Qg4 Kh8 27. Bh6 gxh6 28. exd5 Rg8 29. Qh5 Qf8 30. Nxh6 Rg7 31. Nf5 Rg6 32. Ng3 Nxb2 33. Bxg6 fxg6 34. Qf3 Nc4 35. Ne4 Bd4 36. Qg3 Be5 37. Qd3 Qd8 38. Re2 Bd4 39. Rbe1 Ne5 40. Qg3 c4 41. Ng5 Qg8 42. Ne6 Bb6 43. Qh4 Qf7 44. Re4 Nd3 45. R1e2 Rg8 46. Ng5 Qg7 47. Re7 Bxf2+ 48. Rxf2 Qxe7 49. Rf7 Qe3+ 50. Kh1 Rg7 51. Rf8+ Rg8 52. Qxh7# 1-0


[Site "https://www.chess.com"]

[Event "Titled Tuesday Blitz March 29 Late 2022"]
[White "Andreikin, Dmitry"]
[Black "Quintiliano Pinto, Renato R."]
[WhiteFideId "4158814"]
[BlackFideId "2117568"]
[WhiteElo "2736"]
[BlackElo "2439"]
[Result "1-0"]
[Round "02"]
[TimeControl "180+1"]
[Date "2022.03.29"]
[WhiteClock "0:01:21"]
[BlackClock "0:00:17"]

1. d4 d5 2. Nf3 Nf6 3. c4 c6 4. e3 g6 5. Nc3 Bg7 6. Be2 O-O 7. O-O b6 8. b3 Bb7 9. Ba3 Nbd7 10. Rc1 a6 11. cxd5 cxd5 12. Ne5 Re8 13. f4 e6 14. g4 Bf8 15. Bxf8 Rxf8 16. g5 Nxe5 17. dxe5 Nd7 18. Bf3 Rc8 19. Ne2 Nxe5 20. fxe5 Qxg5+ 21. Kh1 Qxe3 22. Qd4 Qxd4 23. Nxd4 Rc5 24. b4 Rcc8 25. Kg2 Kg7 26. h4 h6 27. Kg3 Rfe8 28. a4 Kf8 29. Be2 Ke7 30. a5 b5 31. Bd3 Red8 32. Kf4 Rg8 33. Ke3 g5 34. hxg5 hxg5 35. Rc5 Rxc5 36. bxc5 Rc8 37. Rc1 Bc6 38. Nc2 f6 39. exf6+ Kxf6 40. Nb4 Ke5 41. Nxa6 d4+ 42. Kd2 Rh8 43. Re1+ Kf6 44. Nb4 Bf3 45. a6 g4 46. Be4 Bxe4 47. Rxe4 Kf5 48. Rxd4 g3 49. Ke2 e5 50. Rd7 Ke4 51. a7 Rh2+ 52. Kf1 1-0


[Site "https://www.chess.com"]

[Event "Titled Tuesday Blitz March 29 Late 2022"]
[White "Arabidze, Meri"]
[Black "Holt, Conrad"]
[WhiteFideId "13604040"]
[BlackFideId "2034387"]
[WhiteElo "2335"]
[BlackElo "2586"]
[Result "0-1"]
[Round "02"]
[TimeControl "180+1"]
[Date "2022.03.29"]
[WhiteClock "0:00:03"]
[BlackClock "0:00:07"]

1. Nf3 d5 2. g3 Bg4 3. Bg2 Nd7 4. O-O e6 5. c4 dxc4 6. Na3 Bxa3 7. bxa3 Ngf6 8. Bb2 O-O 9. Qc2 Nb6 10. Rfe1 Bf5 11. e4 Nxe4 12. Rxe4 Bxe4 13. Qxe4 Na4 14. Bd4 c5 15. Be3 Qd5 16. Qc2 Nb6 17. Ng5 Qd3 18. Qd1 h6 19. Ne4 Rac8 20. Qh5 Nd5 21. Bxc5 Rxc5 22. Nxc5 Qd4 23. Rb1 Qxc5 24. Rxb7 Qxa3 25. Bxd5 exd5 26. Qxd5 Qxa2 27. Rc7 a5 28. Ra7 a4 29. Kg2 Qb3 30. Qa5 Qd3 31. Qxa4 Qe4+ 32. Kh3 Qf5+ 33. Kg2 Qe4+ 34. Kh3 Rd8 35. Rc7 Rd5 36. Qa8+ Kh7 0-1


[Site "https://www.chess.com"]

[Event "Titled Tuesday Blitz March 29 Late 2022"]
[White "Aravindh, Chithambaram VR."]
[Black "Guerrero Vargas, Andres Jesus"]
[WhiteFideId "5072786"]
[BlackFideId "3902048"]
[WhiteElo "2561"]
[BlackElo "2231"]
[Result "1-0"]
[Round "02"]
[TimeControl "180+1"]
[Date "2022.03.30"]
[WhiteClock "0:02:09"]
[BlackClock "0:00:22"]

1. b3 e5 2. Bb2 Nc6 3. e3 d5 4. Bb5 Bd6 5. f4 f6 6. Nc3 Ne7 7. Qh5+ g6 8. Qf3 Be6 9. fxe5 Bxe5 10. d4 O-O 11. Bxc6 Nxc6 12. dxe5 fxe5 13. Qg3 d4 14. exd4 exd4 15. O-O-O dxc3 16. Qxc3 Qg5+ 17. Kb1 Qh6 18. Qh8+ Kf7 19. Qf6+ 1-0


[Site "https://www.chess.com"]

[Event "Titled Tuesday Blitz March 29 Late 2022"]
[White "Ashiev, Eduard"]
[Black "Sanal, Vahap"]
[WhiteFideId "4130090"]
[BlackFideId "6300545"]
[WhiteElo "2004"]
[BlackElo "2603"]
[Result "0-1"]
[Round "02"]
[TimeControl "180+1"]
[Date "2022.03.30"]
[WhiteClock "0:00:17"]
[BlackClock "0:00:37"]

1. d4 Nf6 2. c4 g6 3. Nc3 Bg7 4. e4 d6 5. Nf3 O-O 6. h3 e5 7. d5 Na6 8. Bg5 Nc5 9. Nd2 a5 10. Be2 c6 11. O-O Kh8 12. Nb3 h6 13. Nxc5 hxg5 14. Nb3 c5 15. Nd2 Ng8 16. Nb5 f5 17. a3 Nh6 18. b4 b6 19. bxc5 bxc5 20. Rb1 g4 21. hxg4 fxg4 22. g3 Bf6 23. Kg2 Bg5 24. Rh1 Kg7 25. Rb2 Qf6 26. Qf1 Rb8 27. Bd3 Rb7 28. Qe2 Rbf7 29. Nf1 Bd7 30. a4 Bc8 31. Kg1 Qf3 32. Qxf3 Rxf3 33. Be2 Rxf2 34. Nxd6 Bd7 35. Nf5+ Bxf5 36. Kxf2 Bxe4+ 37. Kg1 Bxh1 38. Kxh1 e4 39. Kg2 e3 40. Bd3 Nf7 41. Rb7 Kh6 42. Be2 Ne5 43. Nxe3 Bxe3 44. Kh1 Rf2 45. Re7 Bd4 46. d6 Rxe2 47. d7 Re1+ 48. Kg2 Rg1+ 49. Kh2 Nf3# 0-1


[Site "https://www.chess.com"]

[Event "Titled Tuesday Blitz March 29 Late 2022"]
[White "Aydin, Gulenay"]
[Black "Meza, Anahi"]
[WhiteFideId "34557431"]
[BlackFideId "111325"]
[WhiteElo "1429"]
[BlackElo "1968"]
[Result "1-0"]
[Round "02"]
[TimeControl "180+1"]
[Date "2022.03.30"]
[WhiteClock "0:00:18"]
[BlackClock "0:00:08"]

1. e4 c5 2. Nf3 Nc6 3. Bb5 e6 4. O-O Nge7 5. Re1 a6 6. Bf1 d5 7. exd5 Nxd5 8. d4 Nf6 9. c3 cxd4 10. cxd4 Bb4 11. Nc3 O-O 12. a3 Be7 13. Be3 b5 14. Bd3 Bb7 15. Qe2 Rc8 16. Rad1 Nd5 17. Ne4 Na5 18. Bb1 Nc4 19. Bc1 Nf6 20. h4 Qd5 21. Nxf6+ Bxf6 22. Bg5 Bxg5 23. hxg5 Nd6 24. Qd3 g6 25. Qd2 Rfd8 26. Qf4 Qb3 27. Rd2 Nc4 28. Rde2 Nxb2 29. Ne5 Rf8 30. Re3 Qa4 31. Rh3 1-0


[Site "https://www.chess.com"]

[Event "Titled Tuesday Blitz March 29 Late 2022"]
[White "Bayo Milagro, Alvaro"]
[Black "Van den Dikkenberg, Erik"]
[WhiteFideId "22275240"]
[BlackFideId "1005880"]
[WhiteElo "2270"]
[BlackElo "2118"]
[Result "1-0"]
[Round "02"]
[TimeControl "180+1"]
[Date "2022.03.30"]
[WhiteClock "0:02:23"]
[BlackClock "0:01:43"]

1. d4 Nf6 2. Nf3 g6 3. Bg5 Bg7 4. Nbd2 d6 5. c3 O-O 6. e4 c6 7. a4 a5 8. Bc4 Na6 9. O-O Qc7 10. Qe2 h6 11. Bh4 Bg4 12. h3 Bxf3 13. Qxf3 g5 14. Bg3 Qb6 15. Rab1 Nd7 16. h4 e5 17. dxe5 Nxe5 18. Bxe5 Bxe5 19. hxg5 hxg5 20. Qf5 Qd8 21. Nf3 Bf6 22. Qg6+ Kh8 23. Bxf7 Qe7 24. Qh6# 1-0


[Site "https://www.chess.com"]

[Event "Titled Tuesday Blitz March 29 Late 2022"]
[White "Belous, Vladimir"]
[Black "De La Colina, Nicolas"]
[WhiteFideId "4174003"]
[BlackFideId "30946921"]
[WhiteElo "2534"]
[BlackElo "2046"]
[Result "1-0"]
[Round "02"]
[TimeControl "180+1"]
[Date "2022.03.29"]
[WhiteClock "0:01:06"]
[BlackClock "0:00:04"]

1. c4 g6 2. Nf3 Bg7 3. d4 d6 4. h3 Nf6 5. Nc3 O-O 6. e4 e5 7. d5 Nh5 8. g3 f5 9. exf5 gxf5 10. Ng5 Nf6 11. Qc2 a5 12. a3 Na6 13. Bg2 Nc5 14. Be3 b6 15. Bxc5 bxc5 16. Ne6 Bxe6 17. dxe6 Rb8 18. Qxf5 Rxb2 19. O-O Kh8 20. Rab1 Rxb1 21. Rxb1 Ng8 22. Qc2 Qf6 23. Bd5 Ne7 24. Rb7 Nf5 25. Rxc7 Nd4 26. Qd2 h6 27. Rf7 Qg6 28. e7 Qxf7 29. Bxf7 Nf3+ 30. Kf1 Nxd2+ 31. Ke2 Rb8 32. Kxd2 Bf6 33. e8=Q+ Rxe8 34. Bxe8 Bd8 35. Nd5 Kg7 36. Bh5 Kf8 37. Kd3 Kg7 38. Ke4 1-0


[Site "https://www.chess.com"]

[Event "Titled Tuesday Blitz March 29 Late 2022"]
[White "Bogumil, Tatiana"]
[Black "Ronka, Erik"]
[WhiteFideId "4110579"]
[BlackFideId "505080"]
[WhiteElo "1761"]
[BlackElo "2264"]
[Result "0-1"]
[Round "02"]
[TimeControl "180+1"]
[Date "2022.03.30"]
[WhiteClock "0:00:01"]
[BlackClock "0:00:40"]

1. Nf3 d5 2. c4 c6 3. b3 Bf5 4. Bb2 e6 5. g3 Nd7 6. Bg2 Ngf6 7. O-O h6 8. d3 Bd6 9. Nbd2 Bh7 10. Re1 O-O 11. a3 a5 12. Qc1 e5 13. Bc3 Qe7 14. e4 dxe4 15. dxe4 Nc5 16. Qb1 Nfd7 17. Nh4 g6 18. Nf1 Ne6 19. Qc1 h5 20. Nf3 f6 21. Ne3 Bc5 22. Nh4 Nd4 23. Qb2 Rfd8 24. Nc2 Nf8 25. Nxd4 Bxd4 26. Bxd4 Rxd4 27. Nf3 Rd7 28. b4 Ne6 29. c5 g5 30. Rad1 Rxd1 31. Rxd1 Bxe4 32. Nd2 Bxg2 33. Kxg2 Rd8 34. Qb3 Kg7 35. Ne4 Nd4 36. Qc3 Qe6 0-1


[Site "https://www.chess.com"]

[Event "Titled Tuesday Blitz March 29 Late 2022"]
[White "Bortnyk, Olexandr"]
[Black "Guz, Ari"]
[WhiteFideId "14120828"]
[BlackFideId "2825759"]
[WhiteElo "2723"]
[BlackElo "1913"]
[Result "0-1"]
[Round "02"]
[TimeControl "180+1"]
[Date "2022.03.29"]
[WhiteClock "0:00:12"]
[BlackClock "0:00:57"]

1. d4 d5 2. Nc3 c6 3. Bf4 g6 4. e4 dxe4 5. Nxe4 Bg7 6. c3 Nf6 7. Nxf6+ Bxf6 8. Bc4 O-O 9. h4 h5 10. Nf3 Nd7 11. g4 Nb6 12. gxh5 Nxc4 13. hxg6 Qd5 14. Ng5 fxg6 15. Rg1 Bxg5 16. Bxg5 Qe4+ 17. Qe2 Qxe2+ 18. Kxe2 Nxb2 19. Bc1 Nc4 20. Rxg6+ Kf7 21. Rg3 Be6 22. Bh6 Rg8 23. Bg5 Nd6 24. Rf3+ Ke8 25. Re3 Kd7 26. Rh1 Bc4+ 27. Kd2 e6 28. Kc2 Bxa2 29. f4 Bd5 30. Rh2 Nf5 31. Re1 Raf8 32. h5 Rh8 33. h6 Rh7 34. Kd3 Rfh8 35. c4 Bf3 36. Rf1 Bg4 37. Rg1 Nxh6 38. Bxh6 Rxh6 39. Rxh6 Bf5+ 40. Kc3 Rxh6 41. Rg7+ Kd6 42. Rxb7 a5 43. c5+ Kd5 44. Rd7+ Ke4 45. Rd6 Rh3+ 46. Kb2 a4 47. Rxc6 a3+ 48. Ka2 Kxd4 49. Rb6 Kxc5 50. Rb8 Be4 51. Rc8+ Kd6 52. Rd8+ Ke7 53. Rd1 Bd5+ 54. Kb1 a2+ 55. Kb2 Rb3+ 56. Ka1 Rb1+ 57. Rxb1 axb1=Q+ 58. Kxb1 Kf6 59. Kc2 Kf5 60. Kd2 Kxf4 61. Ke1 Be4 62. Kf2 Bf5 63. Ke2 e5 64. Kf2 e4 65. Ke2 Bg4+ 66. Kf2 e3+ 67. Kg1 Kf3 68. Kf1 Bh3+ 69. Kg1 e2 70. Kh2 Kf2 71. Kxh3 e1=Q 72. Kg4 Qe3 73. Kf5 Kf3 0-1


[Site "https://www.chess.com"]

[Event "Titled Tuesday Blitz March 29 Late 2022"]
[White "Boyer, Mahel"]
[Black "Fiol, Fabrice"]
[WhiteFideId "45102422"]
[BlackFideId "611670"]
[WhiteElo "2328"]
[BlackElo "2399"]
[Result "1-0"]
[Round "02"]
[TimeControl "180+1"]
[Date "2022.03.30"]
[WhiteClock "0:00:17"]
[BlackClock "0:01:03"]

1. e4 c5 2. d3 a6 3. g3 g6 4. Bg2 Bg7 5. f4 e6 6. Nf3 d5 7. O-O Ne7 8. c3 dxe4 9. dxe4 Qxd1 10. Rxd1 Nbc6 11. Be3 b6 12. Na3 O-O 13. Nc4 Rb8 14. a4 Rd8 15. Rxd8+ Nxd8 16. a5 b5 17. Bxc5 bxc4 18. Bxe7 Nc6 19. Ba3 Bf8 20. Bxf8 Kxf8 21. Ra2 Rb5 22. Bf1 Rxa5 23. Bxc4 Rxa2 24. Bxa2 a5 25. Bc4 Ke7 26. e5 Bb7 27. Kf2 f6 28. Bb5 Na7 29. exf6+ Kxf6 30. Ba4 Bxf3 31. Kxf3 e5 32. Ke4 exf4 33. gxf4 Nc8 34. b4 axb4 35. cxb4 g5 36. fxg5+ Kxg5 37. Kd4 Kf4 38. Kc5 h5 39. Bd7 Ne7 40. b5 Kf3 41. b6 Kg2 42. h3 Ng6 43. b7 Ne5 44. Bf5 Kg3 45. b8=Q 1-0


[Site "https://www.chess.com"]

[Event "Titled Tuesday Blitz March 29 Late 2022"]
[White "Buchenau, Frank"]
[Black "Tsukerman, Julia"]
[WhiteFideId "4604350"]
[BlackFideId "2621649"]
[WhiteElo "2193"]
[BlackElo "2133"]
[Result "1-0"]
[Round "02"]
[TimeControl "180+1"]
[Date "2022.03.30"]
[WhiteClock "0:01:01"]
[BlackClock "0:00:30"]

1. e4 c5 2. Nf3 d6 3. Bb5+ Bd7 4. Bxd7+ Qxd7 5. c4 Nc6 6. d4 cxd4 7. Nxd4 Nf6 8. Nc3 e6 9. O-O Be7 10. b3 O-O 11. Bb2 a6 12. Qd3 Rad8 13. Nxc6 Qxc6 14. Rad1 h6 15. Kh1 Nd7 16. f4 Nc5 17. Qe3 b5 18. cxb5 axb5 19. e5 dxe5 20. fxe5 b4 21. Ne2 Qa6 22. Bd4 Nb7 23. Qe4 Nc5 24. Qc2 Nb7 25. Ng3 Rd5 26. Ne4 Rfd8 27. Qf2 Rf8 28. Qg3 Qxa2 29. Nf6+ Kh8 30. Nxd5 exd5 31. e6 f6 32. Qc7 Bd6 33. Qxb7 1-0


[Site "https://www.chess.com"]

[Event "Titled Tuesday Blitz March 29 Late 2022"]
[White "Bures, Vit"]
[Black "Dimakiling, Oliver"]
[WhiteFideId "309052"]
[BlackFideId "5202248"]
[WhiteElo "2118"]
[BlackElo "2426"]
[Result "1-0"]
[Round "02"]
[TimeControl "180+1"]
[Date "2022.03.30"]
[WhiteClock "0:00:18"]
[BlackClock "0:00:07"]

1. d4 Nf6 2. c4 e6 3. Nc3 Bb4 4. e3 O-O 5. Ne2 Re8 6. a3 Bf8 7. Ng3 d6 8. Be2 Nbd7 9. O-O e5 10. d5 e4 11. Qc2 Qe7 12. b4 g6 13. Bb2 h5 14. Rfd1 h4 15. Nf1 h3 16. gxh3 Nh7 17. Ng3 f5 18. Nb5 Ndf6 19. c5 Rd8 20. cxd6 cxd6 21. Nc7 Rb8 22. Ne6 Bxe6 23. dxe6 d5 24. Rac1 Qxe6 25. Qc3 Bd6 26. Qd4 a6 27. b5 a5 28. b6 Rbc8 29. Bb5 f4 30. Rxc8 Rxc8 31. Nxe4 dxe4 32. Qxd6 Qxd6 33. Rxd6 Kf7 34. exf4 Rc2 35. Be5 Nh5 36. Rd7+ Kg8 37. Rxb7 N7f6 38. Rb8+ Kf7 39. b7 Nd5 40. Rf8+ Kxf8 41. b8=Q+ Kf7 42. Qb7+ Kg8 43. Qxd5+ 1-0


[Site "https://www.chess.com"]

[Event "Titled Tuesday Blitz March 29 Late 2022"]
[White "Caruana, Fabiano"]
[Black "Badelka, Olga"]
[WhiteFideId "2020009"]
[BlackFideId "13509926"]
[WhiteElo "2744"]
[BlackElo "2165"]
[Result "1-0"]
[Round "02"]
[TimeControl "180+1"]
[Date "2022.03.30"]
[WhiteClock "0:00:38"]
[BlackClock "0:00:04"]

1. b3 c5 2. Bb2 Nc6 3. e3 d5 4. Bb5 Nf6 5. Nf3 e6 6. O-O Bd6 7. c4 O-O 8. Nc3 dxc4 9. Bxc6 bxc6 10. bxc4 Qc7 11. d3 Bd7 12. e4 Ng4 13. h3 Ne5 14. Na4 Nxf3+ 15. Qxf3 e5 16. Bc3 f5 17. exf5 Rxf5 18. Qe3 Raf8 19. Nxc5 Bxc5 20. Qxc5 Rg5 21. Qe3 Qd8 22. Rae1 h6 23. Bxe5 Qa5 24. f4 Rg6 25. Re2 Bf5 26. Kh2 h5 27. Rb1 h4 28. Rb7 Qa3 29. Rxa7 Qxd3 30. Qxd3 Bxd3 31. Rd2 Bxc4 32. Rdd7 Rf7 33. Ra8+ Kh7 34. Rdd8 1-0


[Site "https://www.chess.com"]

[Event "Titled Tuesday Blitz March 29 Late 2022"]
[White "Chabris, Christopher"]
[Black "Ljukin, Sergei"]
[WhiteFideId "2005263"]
[BlackFideId "14102200"]
[WhiteElo "2306"]
[BlackElo "2312"]
[Result "0-1"]
[Round "02"]
[TimeControl "180+1"]
[Date "2022.03.30"]
[WhiteClock "0:00:01"]
[BlackClock "0:01:25"]

1. e4 e6 2. d4 d5 3. Nc3 Bb4 4. e5 Ne7 5. a3 Bxc3+ 6. bxc3 c5 7. h4 Bd7 8. h5 h6 9. a4 Qa5 10. Bd2 Nbc6 11. Qg4 Nf5 12. Bd3 O-O 13. Bxf5 exf5 14. Qg3 Kh7 15. Nf3 cxd4 16. cxd4 Qb6 17. c3 Na5 18. O-O Nc4 19. Bf4 Be6 20. Rab1 Qc7 21. Rb5 b6 22. Nh4 Qd7 23. Qd3 Kg8 24. f3 Rac8 25. g3 Na5 26. Ng2 Rc6 27. Qe3 Rfc8 28. Rc1 Rc4 29. Bxh6 gxh6 30. Qxh6 Qe7 31. Nf4 R4c6 32. Ng6 fxg6 33. hxg6 Qg7 34. Qg5 Bd7 35. Rxd5 Rxg6 36. Qf4 Bc6 37. Kf2 Bxd5 38. Qxf5 Be6 39. Qf4 Rf8 0-1


[Site "https://www.chess.com"]

[Event "Titled Tuesday Blitz March 29 Late 2022"]
[White "Chernobay, Artem"]
[Black "Qashashvili, Alexandre"]
[WhiteFideId "4167406"]
[BlackFideId "13600842"]
[WhiteElo "2473"]
[BlackElo "2316"]
[Result "1-0"]
[Round "02"]
[TimeControl "180+1"]
[Date "2022.03.30"]
[WhiteClock "0:02:20"]
[BlackClock "0:02:12"]

1. e4 c6 2. d4 d5 3. Nd2 dxe4 4. Nxe4 Nd7 5. Bc4 Ngf6 6. Ng5 e6 7. Qe2 Nb6 8. Bb3 Qxd4 9. N1f3 Qd8 10. Ne5 Qd4 11. Nexf7 Rg8 12. Nxe6 Bxe6 13. Qxe6+ Be7 14. O-O Qe4 15. Nd6+ 1-0


[Site "https://www.chess.com"]

[Event "Titled Tuesday Blitz March 29 Late 2022"]
[White "Chyngyz, Sultai"]
[Black "Omariev, Maksim"]
[WhiteFideId "13803158"]
[BlackFideId "4193423"]
[WhiteElo "1365"]
[BlackElo "2518"]
[Result "1-0"]
[Round "02"]
[TimeControl "180+1"]
[Date "2022.03.30"]
[WhiteClock "0:00:38"]
[BlackClock "0:00:02"]

1. e4 c5 2. Nf3 d6 3. d4 cxd4 4. Nxd4 Nf6 5. Nc3 a6 6. Be2 e6 7. Nb3 Be7 8. O-O O-O 9. Be3 b5 10. a3 Bb7 11. Bf3 Qc7 12. Qd3 Nbd7 13. Bf4 Rfd8 14. Rad1 Nb6 15. Na5 Ne8 16. Nxb7 Qxb7 17. b3 Rac8 18. Ne2 Qc7 19. Rd2 Nd7 20. Qe3 Ne5 21. Bxe5 dxe5 22. Rfd1 Rxd2 23. Rxd2 Bxa3 24. Qg5 Bb4 25. c3 Bxc3 26. Rc2 b4 27. Ng3 h6 28. Qe3 Nf6 29. h3 a5 30. Kh2 Qc5 31. Qd3 Qd4 32. Qa6 Rc5 33. Ne2 Qd1 34. Rc1 Qxb3 35. Qa8+ Kh7 36. Ng3 Bd4 37. Rxc5 Bxc5 38. Nh1 a4 39. Qc6 Qc4 40. Qxa4 Qc3 41. Bd1 Nxe4 42. Bc2 f5 43. f3 f4 44. Bxe4+ Kg8 45. Qe8+ Bf8 46. Qxe6+ Kh8 47. Qf5 Kg8 48. Bd5+ Kh8 49. Qxf8+ Kh7 50. Be4+ g6 51. Qf7+ Kh8 52. Qf6+ Kg8 53. Bd5+ Kh7 54. Qf7+ 1-0


[Site "https://www.chess.com"]

[Event "Titled Tuesday Blitz March 29 Late 2022"]
[White "Curtis, John"]
[Black "Derraugh, Geordie"]
[WhiteFideId "3200256"]
[BlackFideId "2603950"]
[WhiteElo "2203"]
[BlackElo "2116"]
[Result "1/2-1/2"]
[Round "02"]
[TimeControl "180+1"]
[Date "2022.03.30"]
[WhiteClock "0:00:33"]
[BlackClock "0:00:05"]

1. e4 c5 2. Nf3 d6 3. d4 cxd4 4. Nxd4 Nf6 5. Nc3 a6 6. Bg5 e6 7. f4 Qc7 8. Bxf6 gxf6 9. Qh5 Qc5 10. Qxc5 dxc5 11. Nf3 Nc6 12. f5 Rg8 13. O-O-O b5 14. fxe6 fxe6 15. g3 Be7 16. Bh3 Kf7 17. Rhf1 Ra7 18. Ne2 e5 19. Bxc8 Rxc8 20. Rd5 Ke6 21. c3 f5 22. Rdd1 fxe4 23. Nd2 Bg5 24. Kc2 Bxd2 25. Kxd2 Na5 26. b3 c4 27. b4 Nc6 28. Ke3 a5 29. a3 axb4 30. axb4 Ra2 31. Rf2 Rca8 32. Kxe4 Rc2 33. Nf4+ exf4 34. Rxc2 fxg3 35. hxg3 Rg8 36. Re2 Ne5 37. Rg1 Rg4+ 38. Ke3 h5 39. Kf2 Kf5 40. Rf1 Nd3+ 41. Kg2+ Kg5 42. Kh3 h4 43. Rg2 hxg3 44. Rxg3 Nf4+ 45. Kh2 Rxg3 46. Kxg3 Ne2+ 47. Kf3 Nxc3 48. Ke3 Nd5+ 49. Kd4 Nxb4 50. Kc5 Nd3+ 51. Kxb5 c3 52. Kc4 Nf4 53. Kxc3 Kf5 54. Kd4 Kg4 55. Ke4 Ne2 56. Rf2 Ng3+ 57. Ke3 Nf5+ 58. Ke4 Ng3+ 59. Ke5 Nh5 60. Rf8 Ng3 61. Rf4+ Kh3 62. Ra4 Kg2 63. Kf4 Ne2+ 64. Kg4 Kf2 65. Ra3 Nc1 66. Ra1 Ne2 67. Rb1 Ke3 68. Re1 Kd2 69. Rh1 Ke3 70. Rh3+ Ke4 71. Rh8 Nd4 72. Rd8 Ke3 73. Re8+ Kd3 74. Kf4 Kc4 75. Ke5 Nc6+ 76. Kd6 Nd4 77. Re1 Kd3 78. Rd1+ Ke4 79. Rh1 Nf5+ 80. Kc5 Ne3 81. Rh4+ Kd3 82. Ra4 Kc3 83. Re4 Kd3 84. Re8 Kd2 85. Kd4 Nc2+ 86. Kc4 Ne3+ 87. Kb3 Kd3 88. Rd8+ Ke4 89. Kc3 Nd5+ 90. Kd2 Nf4 91. Re8+ Kd4 92. Rh8 Nd5 93. Rh6 Ke5 94. Kd3 Nf4+ 95. Kc4 Ke4 96. Rd6 Ke3 97. Rf6 Ke4 98. Rf8 Ke5 99. Rd8 Kf5 100. Re8 Ng6 101. Rf8+ Nxf8 1/2-1/2


[Site "https://www.chess.com"]

[Event "Titled Tuesday Blitz March 29 Late 2022"]
[White "Denishev, Marat"]
[Black "Cardoso Cardoso, Jose Gabriel"]
[WhiteFideId "24131563"]
[BlackFideId "4430492"]
[WhiteElo "2197"]
[BlackElo "2451"]
[Result "0-1"]
[Round "02"]
[TimeControl "180+1"]
[Date "2022.03.29"]
[WhiteClock "0:00:16"]
[BlackClock "0:00:29"]

1. d4 Nf6 2. Nf3 g6 3. c4 Bg7 4. Nc3 d5 5. cxd5 Nxd5 6. e4 Nxc3 7. bxc3 c5 8. Be3 Qa5 9. Qd2 Nc6 10. Rd1 O-O 11. Bc4 Bg4 12. Bd5 e6 13. Bxc6 bxc6 14. O-O Rab8 15. dxc5 Bxc3 16. Qd6 Qa4 17. Bh6 Rfe8 18. Rd3 Bh8 19. Ng5 Bf6 20. Qf4 Bf5 21. Rd7 e5 22. Nxh7 Kxh7 23. Rxf7+ Kg8 24. Qf3 Kxf7 25. exf5 Qh4 26. fxg6+ Kxg6 27. Be3 e4 28. Qe2 Be5 29. g3 Qh5 30. Qc4 Qf3 31. Qa6 Rh8 32. Qxc6+ Bf6 33. h4 Rxh4 34. gxh4 Qg4+ 35. Kh2 Qxh4+ 36. Kg2 Qg4+ 0-1


[Site "https://www.chess.com"]

[Event "Titled Tuesday Blitz March 29 Late 2022"]
[White "Desideri, Ricardo Maruchi"]
[Black "Koutlas, Nikolaos"]
[WhiteFideId "2110440"]
[BlackFideId "25827138"]
[WhiteElo "1945"]
[BlackElo "1610"]
[Result "0-1"]
[Round "02"]
[TimeControl "180+1"]
[Date "2022.03.30"]
[WhiteClock "0:00:18"]
[BlackClock "0:01:02"]

1. e4 c5 2. Nf3 Nc6 3. d4 cxd4 4. Nxd4 e5 5. Nb5 d6 6. N1c3 a6 7. Na3 Nf6 8. Bg5 Be7 9. Bxf6 Bxf6 10. Nd5 O-O 11. Nc4 Be6 12. Nce3 Rc8 13. c3 Bg5 14. Be2 Ne7 15. h4 Bxe3 16. Nxe3 d5 17. exd5 Nxd5 18. Qd2 Nf4 19. g3 Nxe2 20. Qxe2 f5 21. f4 exf4 22. gxf4 Re8 23. Rg1 Bc4 24. Qf2 Qd3 25. Rg3 Rcd8 26. Rc1 Re4 27. Qc2 Qf1# 0-1


[Site "https://www.chess.com"]

[Event "Titled Tuesday Blitz March 29 Late 2022"]
[White "Dreev, Aleksey"]
[Black "Barbero Sendic, Alejandro"]
[WhiteFideId "4100107"]
[BlackFideId "3001288"]
[WhiteElo "2625"]
[BlackElo "2314"]
[Result "1-0"]
[Round "02"]
[TimeControl "180+1"]
[Date "2022.03.29"]
[WhiteClock "0:00:25"]
[BlackClock "0:00:12"]

1. d4 d5 2. c4 e6 3. Nc3 a6 4. cxd5 exd5 5. Bf4 Nf6 6. e3 c5 7. Nf3 c4 8. Ne5 b5 9. a3 Bb7 10. g4 Be7 11. Bg2 Nbd7 12. Qc2 Nb6 13. h4 O-O 14. h5 Nfd7 15. Rd1 Bg5 16. Nxd7 Nxd7 17. Bxd5 Bxd5 18. Nxd5 Nf6 19. Nxf6+ Qxf6 20. Bxg5 Qxg5 21. Qf5 Qd8 22. g5 Rc8 23. Ke2 c3 24. bxc3 Rxc3 25. d5 Rxa3 26. d6 Qa8 27. Rd5 Ra2+ 28. Kf3 g6 29. Qd3 Ra3 30. Qd2 Rd8 31. Kg3 b4 32. hxg6 hxg6 33. Qd4 1-0


[Site "https://www.chess.com"]

[Event "Titled Tuesday Blitz March 29 Late 2022"]
[White "Dylag, Emilia"]
[Black "Plotnikov, Pavel"]
[WhiteFideId "21805172"]
[BlackFideId "4170342"]
[WhiteElo "1932"]
[BlackElo "2298"]
[Result "0-1"]
[Round "02"]
[TimeControl "180+1"]
[Date "2022.03.30"]
[WhiteClock "0:01:19"]
[BlackClock "0:01:39"]

1. d4 e6 2. c4 f5 3. Nc3 Nf6 4. Qc2 Bb4 5. e3 b6 6. Bd3 Bb7 7. f3 c5 8. Ne2 Nc6 9. O-O O-O 10. a3 Bxc3 11. Qxc3 Rc8 12. b4 Qe7 13. dxc5 bxc5 14. b5 Nd8 15. Bb2 Nf7 16. a4 d5 17. a5 dxc4 18. Bxc4 Nd6 19. Nf4 Bd5 20. Bxd5 exd5 21. Qe5 Qxe5 22. Bxe5 Nxb5 23. Bxf6 Rxf6 24. Nxd5 Re6 25. Rfe1 c4 26. Kf2 Kf7 27. Nf4 Rd6 28. Red1 Rcd8 29. Rxd6 Rxd6 30. Ke2 g5 31. Nh3 Kf6 32. Rd1 Nc3+ 0-1


[Site "https://www.chess.com"]

[Event "Titled Tuesday Blitz March 29 Late 2022"]
[White "Eames, Robert S"]
[Black "Golubev, Mikhail"]
[WhiteFideId "408743"]
[BlackFideId "14100983"]
[WhiteElo "2105"]
[BlackElo "2374"]
[Result "0-1"]
[Round "02"]
[TimeControl "180+1"]
[Date "2022.03.30"]
[WhiteClock "0:00:02"]
[BlackClock "0:00:05"]

1. e4 c5 2. Nc3 d6 3. d4 cxd4 4. Qxd4 Nc6 5. Qd2 g6 6. b3 Bh6 7. f4 f5 8. Bb2 Nf6 9. O-O-O fxe4 10. h3 O-O 11. Nge2 Bg7 12. g4 a5 13. Bg2 a4 14. Nxa4 d5 15. g5 Nh5 16. Bxg7 Kxg7 17. Rhf1 e6 18. Nd4 Kg8 19. Kb1 Qd6 20. Nb5 Qe7 21. Nb6 Ra6 22. Nxc8 Rxc8 23. a4 Ng7 24. h4 Raa8 25. Bh3 Rf8 26. Qc3 Rad8 27. Nd4 Nxd4 28. Qxd4 Nf5 29. Bxf5 gxf5 30. h5 Rd7 31. g6 h6 32. Rg1 Qf6 33. Qb6 Rc8 34. Rg2 Rc6 35. Qa7 Kg7 36. Qb8 d4 37. Rgd2 e3 38. Rd3 Rdc7 0-1


[Site "https://www.chess.com"]